cohdb
Replays
Latest Replays
All Replays
Popular Replays
Top Player Replays
Match Explorer
How It Works
Community
CoH3 Stats
Reddit
Sign in to upload your games and track your stats! →
Sign in with Steam
Match 46080266
Unlisted
Match 46080266
Overview
Messages
Build Orders
End
Scout Squad
Construct Barracks
1⁄4-ton 4x4 Truck
Selects Armored Battlegroup
Selects Veteran Crews
Riflemen Squad
Riflemen Squad
Riflemen Squad
Riflemen Squad
Construct Medical Station
Infantry Support Center
Construct Motor Pool
Selects Fast Deploy
Selects Field Repairs
M1 Anti-tank Gun Team
M1918 Browning Automatic Rifles
M1 Anti-tank Gun Team
Selects M8 Scott SPG
M8 Scott SPG
M24 Chaffee Light Tank
Field Repairs
Construct Medical Station
Grenade Package
stmodst
Nostalgi@
0
0
Comments
sign in to comment!
No comments posted yet!